 Dungeon Crawl Stone Soup version 0.18.1-1-g2f07953 (webtiles) character file.

3 RKaid the Charlatan (level 1, 0/15 HPs)
             Began as a Demonspawn Artificer on May 7, 2016.
             Slain by a goblin
             ... wielding a +0 club
              (4 damage)
             ... on level 1 of the Dungeon.
             The game lasted 00:00:15 (155 turns).

RKaid the Charlatan (Demonspawn Artificer)           Turns: 155, Time: 00:00:16

Health: 0/15       AC:  3    Str: 11    XL:     1   Next: 41%
Magic:  3/3        EV: 11    Int: 13    God:
Gold:   0          SH:  0    Dex: 13    Spells: 0 memorised, 0 levels left

rFire  . . .     SeeInvis .     a - +0 short sword
rCold  . . .     Gourm    .     b - +0 leather armour
rNeg   . . .     Faith    .     (no shield)
rPois  .         Spirit   .     (no helmet)
rElec  .         Dismiss  .     (no cloak)
rCorr  .         Reflect  .     (no gloves)
SustAt .         Harm     .     (no boots)
MR     .....                    (no amulet)
Stlth  +.........               (no ring)
                                (no ring)

@: not resistant to hostile enchantments, very unstealthy
A: no striking features
a: no special abilities


You were on level 1 of the Dungeon.
You were not hungry.

You visited 1 branch of the dungeon, and saw 1 of its levels.

Inventory:

Hand Weapons
 a - a +0 short sword (weapon)
Armour
 b - a +0 leather armour (worn)
Wands
 c - a wand of flame (15/48)
 d - a wand of enslavement (15/24)
 e - a wand of random effects (15/48)
Comestibles
 f - a bread ration
 g - a chunk of flesh


   Skills:
 * Level 1.0 Fighting
 * Level 1.3 Short Blades
 - Level 1.7 Dodging
 - Level 0.8 Stealth
 + Level 3.0 Evocations


You couldn't memorise any spells.
You didn't know any spells.

Dungeon Overview and Level Annotations

Branches:
Dungeon (1/15)

Altars:


Message History

Welcome, RKaid the Demonspawn Artificer.
Will you prevail where others failed? Will you find the Orb of Zot?
Press ? for a list of commands and other information.
Found a staircase leading out of the dungeon.
A rat comes into view.
The rat barely misses you.
You hit the rat. The rat bites you.
You closely miss the rat. The rat misses you.
You hit the rat but do no damage. The rat bites you.
You hit the rat but do no damage. The rat bites you.
You barely miss the rat.
The rat twitches its whiskers.
The rat barely misses you.
You barely miss the rat. The rat bites you.
You hit the rat.
You kill the rat!
Your Short Blades skill increases to level 1!
You see here a rat corpse.
You butcher the rat corpse.
g - a chunk of flesh You start resting.
A dart slug comes into view.
The dart slug launches a dart at you. The slug dart hits you!
A goblin comes into view. It is wielding a club.
The dart slug barely misses you.
You hit the dart slug.
The goblin shouts!
The dart slug misses you.
You hit the dart slug. You hit the dart slug. The dart slug misses you.
You hit the dart slug.
You kill the dart slug!
The goblin hits you with a club.
* * * LOW HITPOINT WARNING * * *
You hit the goblin but do no damage. The goblin barely misses you.
You closely miss the goblin. The goblin closely misses you.
You closely miss the goblin. The goblin hits you but does no damage.
You closely miss the goblin. The goblin hits you with a club.
You die...

♣...♣ ##..#
#...# #.#.#
...#.#
##.##.#####..
..#.........
####.###.#####..
......g@.#
###.####.# #.#
..# .## [. #. #.


You could see a goblin.

Vanquished Creatures
  A dart slug (D:1)
  A rat (D:1)
2 creatures vanquished.

Notes
Turn   | Place    | Note
--------------------------------------------------------------
     0 | D:1      | RKaid the Demonspawn Artificer began the quest for the Orb.
     0 | D:1      | Reached XP level 1. HP: 15/15 MP: 3/3
    16 | D:1      | Reached skill level 1 in Short Blades
   155 | D:1      | Slain by a goblin

Skill      XL: |  1 |
---------------+----+-----
Short Blades   | 1 |  1.3
Fighting       | |  1.0
Dodging        | |  1.7
Stealth        | |  0.8
Evocations     | |  3.0

Action                   || total
-------------------------++-------
Melee: Short sword       ||    15
Dodge: Dodged            ||     8

Vault maps used:
D:1:      roderic_dead_forest, minmay_misc_feat_five

Table legend:
 A = Turns spent in this place as a percentage of turns spent in the entire game.
 B = Non-inter-level travel turns spent in this place as a percentage of non-inter-level travel turns spent in the entire game.
 C = Inter-level travel turns spent in this place as a percentage of turns spent in this place.
 D = Turns resting spent in this place as a percentage of non-inter-level travel turns spent in this place.
 E = Turns spent auto-exploring this place as a percentage of non-inter-level travel turns spent in this place.
 F = Non-inter-level travel turns spent in this place divided by the number of levels of this place that you've seen.
                   A       B       C       D       E      F
               +-------+-------+-------+-------+-------+----------------------
         Total | 100.0 | 100.0 |   0.0 |   6.7 |   6.7 |  30.0
       Dungeon | 100.0 | 100.0 |   0.0 |   6.7 |   6.7 |  30.0
               +-------+-------+-------+-------+-------+----------------------

Table legend:
 A = Kills in this place as a percentage of kills in entire the game.
 B = Kills by you in this place as a percentage of kills by you in the entire game.
 C = Kills by friends in this place as a percentage of kills by friends in the entire game.
 D = Other kills in this place as a percentage of other kills in the entire game.
 E = Experience gained in this place as a percentage of experience gained in the entire game.
 F = Experience gained in this place divided by the number of levels of this place that you have seen.
                   A       B       C       D       E      F
               +-------+-------+-------+-------+-------+----------------------
         Total | 100.0 | 100.0 |  -nan |  -nan | 100.0 |   5.0
       Dungeon | 100.0 | 100.0 |  -nan |  -nan | 100.0 |   5.0
               +-------+-------+-------+-------+-------+----------------------
